cohdb
Replays
Latest Replays
All Replays
Popular Replays
Top Player Replays
Match Explorer
How It Works
Community
CoH3 Stats
Reddit
Sign in to upload your games and track your stats! →
Sign in with Steam
Match 45693479
Unlisted
Match 45693479
Overview
Messages
Build Orders
End
Royal Engineer Section
Construct Section Command Post
Dingo Light Scout Car
Infantry Section
Infantry Section
Construct Platoon Command Post
Humber Armored Car
Unlock M3 Stuart Light Tanks
Infantry Training
Infantry Section
Construct Field Infirmary
6-pounder Anti-tank Gun Team
6-pounder Anti-tank Gun Team
Construct Company Command Post
Foot Guards Section
Crusader II Medium Tank
Crusader II Medium Tank
Armored Vehicle Training
Selects Heavy Armor Battlegroup
Selects Rigorous Vehicle Training
Selects Forward Repair Assembly
Selects Churchill Black Prince Heavy Tank
Crusader II Medium Tank
CHUM
MillenniumKnight
0
0
Comments
sign in to comment!
No comments posted yet!